 Dungeon Crawl Stone Soup version 0.24-a0-422-g9eff3895ba (webtiles) character file.

Game seed: 2419475401036516817

179 Corto the Digger (level 5, -6/28 HPs)
             Began as a Gargoyle Earth Elementalist on June 12, 2019.
             Splashed by Ijyb's acid (15 damage)
             ... on level 3 of the Dungeon.
             The game lasted 00:09:22 (4015 turns).

Corto the Digger (Gargoyle Earth Elementalist)      Turns: 4015, Time: 00:09:26

Health: -6/28      AC:  7    Str: 11    XL:     5   Next: 59%
Magic:  3/10       EV: 12    Int: 17    God:
Gold:   154        SH:  0    Dex: 10    Spells: 7/11 levels left

rFire    . . .     SeeInvis .   f - +0 mace
rCold    . . .     Gourm    .   (no shield)
rNeg     + . .     Faith    +   c - +0 robe
rPois    ∞         Spirit   .   (no helmet)
rElec    +         Reflect  .   (no cloak)
rCorr    .         Harm     .   (no gloves)
MR       .....                  o - +0 pair of boots
Stlth    ++........             j - amulet of faith {!P}
HPRegen  0.09/turn              (no ring)
MPRegen  0.12/turn              (no ring)

@: no status effects
A: negative energy resistance 1, electricity resistance, unbreathing,
petrification resistance, rot immunity, AC +4
a: no special abilities


You were on level 3 of the Dungeon.
You were not hungry.

You visited 1 branch of the dungeon, and saw 3 of its levels.

You collected 154 gold pieces.

Inventory:

Hand Weapons
 f - a +0 mace (weapon)
Missiles
 b - 140 stones (quivered)
Armour
 c - a +0 robe (worn)
 o - a +0 pair of boots (worn)
Jewellery
 j - an amulet of faith (around neck) {!P}
Scrolls
 a - a scroll of enchant armour {unknown}
 g - 2 scrolls of identify {unknown}
 k - a scroll of remove curse {unknown}
 m - 2 scrolls of fog {unknown}
 p - a scroll of blinking {unknown}
 q - a scroll of immolation {unknown}
 r - a scroll of magic mapping {unknown}
 t - a scroll of teleportation {unknown}
 w - a scroll of random uselessness {unknown}
Potions
 e - a potion of brilliance {unknown}
 h - a potion of degeneration {unknown}
 i - a potion of heal wounds {unknown}
 l - a potion of lignification {unknown}
 s - 2 potions of resistance {unknown}
 u - a potion of curing {unknown}
 v - a potion of agility
Comestibles
 d - 8 rations
 n - 2 chunks of flesh


   Skills:
 - Level 1.5 Dodging
 - Level 2.1 Stealth
 + Level 3.9 Spellcasting
   Level 0.7 Transmutations
 + Level 5.8 Earth Magic


You had 7 spell levels left.
You knew the following spells:

 Your Spells              Type           Power        Failure   Level  Hunger
a - Sandblast             Erth           ###...       1%          1    None
b - Stone Arrow           Conj/Erth      ##....       14%         3    ###....

Your spell library contained the following spells:

 Spells                   Type           Power        Failure   Level  Hunger
 Passwall                 Tmut/Erth      ##......     6%          2    ##.....
 Petrify                  Tmut/Erth      ##......     38%         4    ####...
 Lee's Rapid Deconstruct  Erth           ###.......   38%         5    ######.


Dungeon Overview and Level Annotations

Branches:
Dungeon (3/15)

Altars:
The Shining One

Annotations:
D:3 Ijyb


Innate Abilities, Weirdness & Mutations

You are resistant to torment.
Your stone body is resilient. (AC +4)
You are immune to poison.
You resist negative energy. (rN+)
You are resistant to electric shocks. (rElec)
You can survive without breathing.
You are immune to petrification.
You are immune to rotting.


Message History

Confirm with . or Enter, or press ? or * to list all spells.
Aiming: Sandblast (safe; 1% risk of failure)
Press: ? - help, Shift-Dir - straight line, f/p - Ijyb
Aim: Ijyb, wielding a +0 dagger, wearing a +3 leather armour of fire resistance and carrying a wand of acid (9)
The blast of sand misses Ijyb.
b - 141 stones Ijyb hits you with a +0 dagger.
The goblin misses you.
Casting: Sandblast (safe; 1% risk of failure)
Confirm with . or Enter, or press ? or * to list all spells.
Aiming: Sandblast (safe; 1% risk of failure)
Press: ? - help, Shift-Dir - straight line, f/p - Ijyb
Aim: Ijyb, wielding a +0 dagger, wearing a +3 leather armour of fire resistance and carrying a wand of acid (9)
The blast of sand hits Ijyb.
Ijyb is moderately wounded.
b - 140 stones Ijyb zaps a wand.
The bolt of acid hits you!!
Ouch! That really hurt!
You are splashed with acid!
Ouch! That really hurt!
You die... •••••••█ █>••••• ██)█████ █••••••• ██••████████•••••█ ••••••••••••••••█ ███•██••█████•••██ ███••••••••••••••████████ •••••••███•••••••8•8•8•8• •••██████••••██•••g•••••• •█•█ █••█••██%•@g•••••% •█•█ █•█••••••••)•••••• █•█ ██•█••█•••••••••••• █•████•••••••••••••••••• •█•██•••••█••••••8•8•8•8• •█••<•••<•••█••••████████ •••••██•████••••••• •••••██•█ •••••••• •••••█••• ██•••••••

You could see Ijyb and a goblin.

Vanquished Creatures
  An orc wizard (D:3)
  7 adders
  An ooze (D:3)
  An adder zombie (D:2)
  4 leopard geckos
  4 orcs
  5 bats
  4 giant cockroaches
  11 goblins
  7 hobgoblins
  8 jackals
  5 kobolds
  A quokka (D:2)
  6 frilled lizards
  5 rats
70 creatures vanquished.

Notes
Turn   | Place    | Note
-------+----------+-------------------------------------------
     0 | D:1      | Corto the Gargoyle Earth Elementalist began the quest for
                  | the Orb.
     0 | D:1      | Reached XP level 1. HP: 10/10 MP: 3/3
   337 | D:1      | Reached XP level 2. HP: 15/15 MP: 5/5
   342 | D:1      | Reached skill level 4 in Earth Magic
  1082 | D:1      | Found a glowing golden altar of the Shining One.
  1285 | D:1      | Reached XP level 3. HP: 15/19 MP: 6/6
  2330 | D:2      | Reached XP level 4. HP: 14/24 MP: 8/8
  2772 | D:2      | Reached skill level 5 in Earth Magic
  3503 | D:3      | Learned a level 3 spell: Stone Arrow
  3632 | D:3      | Reached XP level 5. HP: 28/28 MP: 10/10
  4006 | D:3      | Noticed Ijyb
  4015 | D:3      | Splashed by Ijyb's acid

Levels and vault maps discovered:
D:1:      dpeg_arrival_rhombi, layout_basic, tso_altar
D:2:      layout_basic, minivault_23
D:3:      kennysheep_the_goblin_king, layout_rooms,
          gammafunk_temple_overflow_statue, first_ration,
          guppyfry_early_lair_pool

Skill      XL: |  1  2  3  4 |
---------------+-------------+-----
Earth Magic    | 4 5 |  5.8
Spellcasting   | 3 |  3.9
Dodging        | |  1.5
Stealth        | |  2.1
Transmutations | |  0.7

Action                   |  1- 3 |  4- 6 || total
-------------------------+-------+-------++-------
Melee: Mace              |   125 |   153 ||   278
       Unarmed           |     5 |       ||     5
 Cast: Sandblast         |     5 |    14 ||    19
 Stab: Sleeping          |     1 |     2 ||     3
  Eat: Chunk             |     5 |     5 ||    10
Armor: Robe              |    51 |    79 ||   130
Dodge: Dodged            |   102 |   180 ||   282

Table legend:
 A = Non-vault XP
 B = Vault XP
 C = Vault XP percentage of total XP
 D = Non-vault monster count
 E = Vault monster count
 F = Vault count percentage of total count
                 A         B        C        D         E       F
            +---------+---------+-------+---------+---------+-------
      Total |     247 |       9 |   3.5 |      65 |       5 |   7.1
            +---------+---------+-------+---------+---------+-------
        D:1 |      38 |       0 |   0.0 |      22 |       0 |   0.0
        D:2 |      84 |       0 |   0.0 |      24 |       0 |   0.0
        D:3 |     125 |       9 |   6.7 |      19 |       5 |  20.8
            +---------+---------+-------+---------+---------+-------
